 Dungeon Crawl Stone Soup version 0.24-a0-108-g011bc4b (console) character file.

Game seed: 0

103112 Duffy the Summoner (level 16, -10/146 HPs)
             Began as a Naga Summoner on Feb 14, 2019.
             Was the Champion of the Shining One.
             Killed from afar by a deep elf annihilator (20 damage)
             ... with a crystal spear
             ... on level 3 of the Elven Halls on Feb 15, 2019.
             The game lasted 01:26:56 (40288 turns).

Duffy the Summoner (Naga Summoner)                 Turns: 40288, Time: 01:26:57

Health: -10/146    AC: 26    Str: 15    XL:     16   Next: 35%
Magic:  21/30      EV: 12    Int: 24    God:    the Shining One [******]
Gold:   1002       SH: 13    Dex: 18    Spells: 3/35 levels left

rFire    + . .     SeeInvis +   a - +5 trident (protect)
rCold    . . .     Gourm    .   K - +2 shield
rNeg     + + +     Faith    .   y - +4 troll leather armour {Snorg}
rPois    +         Spirit   .   m - +2 helmet {Int+3}
rElec    .         Reflect  .   A - +2 cloak {MR+}
rCorr    .         Harm     .   B - +2 pair of gloves {archery}
MR       ++++.                  G - +0 naga barding of the Evening Star {rF+ Slay+3}
Stlth    +.........             (no amulet)
HPRegen  0.74/turn              X - ring of Ylox {MR+ Str+3 Dex+2}
MPRegen  0.22/turn              W - +4 ring of dexterity

@: lethally poisoned (-10 -> -10), about to teleport, glowing, very slow
A: large, see invisible, deformed body, poison resistance, slowness 2, slow
metabolism 1, spit poison 1, constrict 1, AC +5
a: Spit Poison, Divine Shield, Cleansing Flame, Summon Divine Warrior, Brand
Weapon With Holy Wrath, Renounce Religion


You were on level 3 of the Elven Halls.
You worshipped the Shining One.
The Shining One was exalted by your worship.
You were not hungry.

You visited 5 branches of the dungeon, and saw 27 of its levels.
You also visited: Bailey.

You collected 2949 gold pieces.
You spent 1947 gold pieces at shops.

Inventory:

Hand Weapons
 a - a +5 trident of protection (weapon)
 b - a +0 blowgun
Missiles
 V - 9 curare-tipped needles
Armour
 m - a +2 helmet of intelligence (worn)
 y - a +4 troll leather armour (worn) {Snorg}
 A - a +2 cloak of magic resistance (worn)
 B - a +2 pair of gloves of archery (worn)
 G - the +0 naga barding of the Evening Star (worn) {rF+ Slay+3}
   (You acquired it on level 15 of the Dungeon)

   It affects your accuracy and damage with ranged weapons and melee attacks
   (+3).
   It protects you from fire.
 K - a +2 shield (worn)
Magical Staves
 M - an uncursed staff of air {!a}
Jewellery
 H - an uncursed ring of fire
 T - an uncursed ring of ice
 W - a +4 ring of dexterity (right hand)
 X - the ring of Ylox (left hand) {MR+ Str+3 Dex+2}
   (You found it on level 3 of the Lair of Beasts)

   [ring of strength]

   It affects your strength (+3).
   It affects your dexterity (+2).
   It affects your resistance to hostile enchantments.
Wands
 d - a wand of iceblast (4)
 g - a wand of enslavement (11)
 o - a wand of paralysis (25)
 C - a wand of acid (20)
 D - a wand of digging (5)
 L - a wand of scattershot (2)
 O - a wand of polymorph (24)
Scrolls
 f - 6 scrolls of immolation
 v - 5 scrolls of fog
 w - 4 scrolls of teleportation
 x - 3 scrolls of blinking
 E - 6 scrolls of remove curse
 P - a scroll of magic mapping
 S - a scroll of acquirement
Potions
 i - 6 potions of agility
 j - 8 potions of curing
 k - 6 potions of magic
 n - 3 potions of resistance
 p - 9 potions of heal wounds
 q - 6 potions of haste
 r - 10 potions of brilliance
 s - a potion of berserk rage
 z - 3 potions of lignification
 I - 3 potions of ambrosia
 N - 4 potions of flight
 R - 2 potions of might
 U - 7 potions of mutation
 Z - a potion of cancellation
Miscellaneous
 J - a box of beasts
 Q - a lightning rod (4/4)
Comestibles
 c - 37 rations


   Skills:
 - Level 10.0 Fighting
 * Level 7.9 Polearms
 - Level 5.0 Armour
 + Level 7.4 Dodging
 - Level 3.0 Stealth
 - Level 9.0 Shields
 - Level 10.0 Spellcasting
 - Level 5.0 Conjurations
 - Level 7.0 Hexes
 - Level 12.0 Summonings
 - Level 3.0 Translocations
 - Level 5.0 Fire Magic
 - Level 5.0 Ice Magic
 - Level 5.0 Air Magic
 - Level 4.0 Poison Magic
 - Level 5.6 Invocations
 - Level 6.0 Evocations


You had 3 spell levels left.
You knew the following spells:

 Your Spells              Type           Power        Failure   Level  Hunger
h - Summon Mana Viper     Hex/Summ       ######..     3%          5    ####...
i - Swiftness             Chrm/Air       ###.....     3%          2    None
j - Sticky Flame          Conj/Fire      #####...     8%          4    #......
k - Summon Lightning Spi  Summ/Air       ######..     1%          4    #......
l - Conjure Flame         Conj/Fire      #####...     2%          3    None
o - Mephitic Cloud        Conj/Pois/Air  ####....     2%          3    None
p - Passwall              Tmut/Erth      ##......     10%         2    None
u - Summon Ice Beast      Ice/Summ       ######..     1%          4    #......
y - Call Canine Familiar  Summ           ######..     1%          3    None
B - Blink                 Tloc           N/A          2%          2    None

Your spell library contained the following spells:

 Spells                   Type           Power        Failure   Level  Hunger
 Confusing Touch          Hex            #####.       1%          1    None
 Flame Tongue             Conj/Fire      #####        1%          1    None
 Magic Dart               Conj           ####         1%          1    None
 Shock                    Conj/Air       ####         1%          1    None
 Sting                    Conj/Pois      ####         1%          1    None
 Summon Small Mammal      Summ           ####         1%          1    None
 Call Imp                 Summ           ######..     1%          2    None
 Poisonous Vapours        Pois/Air       ####..       1%          2    None
 Searing Ray              Conj           #####.       1%          2    None
 Slow                     Hex            #####...     1%          2    None
 Throw Flame              Conj/Fire      #####.       1%          2    None
 Confuse                  Hex            #####...     1%          3    None
 Inner Flame              Hex/Fire       #####...     1%          3    None
 Recall                   Summ/Tloc      N/A          1%          3    None
 Summon Guardian Golem    Hex/Summ       ######..     1%          3    None
 Static Discharge         Conj/Air       #####...     2%          3    None
 Shroud of Golubria       Chrm/Tloc      ###.......   4%          2    None
 Gell's Gravitas          Tloc           ####......   5%          3    None
 Lesser Beckoning         Tloc           ####......   5%          3    None
 Teleport Other           Tloc           ####....     5%          3    None
 Beastly Appendage        Tmut           ##....       6%          1    None
 Sandblast                Erth           ##....       6%          1    None
 Stone Arrow              Conj/Erth      ###...       7%          3    None
 Spider Form              Tmut/Pois      ###.......   9%          3    None
 Sticks to Snakes         Tmut           ##......     10%         2    None
 Aura of Abjuration       Summ           ######....   1%          5    ####...
 Summon Demon             Summ           ######....   1%          5    ####...
 Shadow Creatures         Summ           N/A          7%          6    ######.
 Airstrike                Air            #####.....   8%          4    #......
 Summon Forest            Summ/Tloc      #####.....   8%          5    ####...
 Olgreb's Toxic Radiance  Pois           ####....     12%         4    #......
 Metabolic Englaciation   Hex/Ice        #####.....   14%         5    ####...
 Passage of Golubria      Tloc           N/A          19%         4    #......
 Ice Form                 Ice/Tmut       ###.....     22%         4    #......
 Fireball                 Conj/Fire      #####.....   22%         5    ####...
 Lightning Bolt           Conj/Air       #####.....   22%         5    ####...
 Venom Bolt               Conj/Pois      ####......   26%         5    ####...
 Yara's Violent Unravell  Hex/Tmut       ####......   38%         5    ####...
 Petrify                  Tmut/Erth      ##......     52%         4    #......
 Iskenderun's Battlesphe  Conj/Chrm      ###.....     52%         5    ####...
 Freezing Cloud           Conj/Ice/Air   #####.....   77%         6    ######.
 Blade Hands              Tmut           ##........   86%         5    ####...
 Lee's Rapid Deconstruct  Erth           ##........   86%         5    ####...
 Iron Shot                Conj/Erth      ###.......   98%         6    ######.
 Ring of Flames           Chrm/Fire      ###.......   100%        7    #######


Dungeon Overview and Level Annotations

Branches:
Dungeon (15/15)            Temple (0/1) D:4            Lair (6/6) D:9
  Swamp (0/4) Lair:3        Snake (0/4) Lair:2        Slime (0/5) Lair:5
    Orc (2/2) D:12            Elf (3/3) Orc:2        Vaults (0/5) D:13
 Depths (1/5) D:15

Altars:
Cheibriados
Dithmenos
Elyvilon
Fedhas
Gozag
Makhleb
Nemelex Xobeh
Okawaru
Qazlal
Sif Muna
Uskayaw
Vehumet
Xom
Yredelemnul
Zin
The Shining One
Beogh

Shops:
D:7 (   D:9 %   Orc:1 [   Orc:2 *[(:   Elf:3 :=(=*

Portals:
Trove: Elf:1 (give 4 potions of resistance)

Annotations:
D:3 exclusion: upstairs
Lair:6 2 transporters, Nico3ck's ghost, journeyman FoFi
Elf:2 3 runed translucent doors, exclusion: 3 doors


Innate Abilities, Weirdness & Mutations

You cannot wear boots.
Your serpentine skin is tough. (AC +5)
You have supernaturally acute eyesight. (SInv)
Armour fits poorly on your strangely shaped body.
Your system is resistant to poisons. (rPois)
You cover ground very slowly.
You have a slow metabolism.
You can spit poison.
You can use your snake-like lower body to constrict enemies.


Message History

The arrow hits your mana viper!!!
Your mana viper dies!
A deep elf annihilator comes into view. It is wielding a +0 long sword.
The deep elf master archer shoots an arrow.
The arrow hits you!!
The deep elf master archer shoots an arrow.
You block the arrow.
The deep elf annihilator casts a spell at you.
The poison arrow hits you!
You are poisoned.
You partially resist.
Items here: ( )) [ 3 arrows; a +0 rapier x2; a +0 leather armour
As you read the scroll of teleportation, it crumbles to dust.
You feel strangely unstable.
You feel sick.
The deep elf master archer shoots an arrow.
The arrow hits you!!
The deep elf annihilator gestures at you while chanting.
The crystal spear hits you!!
You die...

###...#*,,,,*,*,,,,,,,,,***,,,,*
......#*,,****,,,,...,,,,,,**,,*
......#*,***,,,,,*#.#*,,,,,***,*
'##...#*,*,,,,,***#e#***,,,,,*,*
..#...#*,,,,,######.# ***,,,,,*
..#...#*,,,**#....#.# ***,,,*
###...#*,*** #...#.# ***,*
......#*** ##)S#.# ***
......###########@#e##############
.................ee..............#
###..............................#
..#..............................#
..#...############+###...###'#...#
..#...#..............#...#...#...#
..#.#.#.<)...........#...#...#...#
..#..\...............#...#...#...#
###.#.#...########...#...#...#...#


You could see a deep elf master archer, a deep elf annihilator and a friendly
mana viper.

Vanquished Creatures
  A deep elf blademaster (Elf:3)
  An orc warlord (Orc:2)
  2 deep elf sorcerers
  2 deep elf elementalists
  Louise (Elf:1)
  A deep elf annihilator (Elf:1)
  Azrael (D:13)
  4 deep elf demonologists
  A deep elf death mage (Elf:3)
  Fannar (Lair:2)
  An ice dragon (D:13)
  A centaur warrior (D:15)
  4 two-headed ogres
  4 dancing weapons
  An ogre mage (D:15)
  Sonja (Lair:2)
  6 deep elf knights
  2 skeletal warriors (D:14)
  3 unseen horrors
  4 deep elf archers
  A glowing orange brain (Depths:1)
  An orc knight (Orc:2)
  26 deep elf magi
  A wolf spider zombie (D:15)
  2 orc sorcerers (Orc:2)
  A cyclops (D:15)
  4 ugly things
  A centaur zombie (D:13)
  5 elephants (Lair:3)
  A gargoyle (D:13)
  A centaur skeleton (D:10)
  5 spiny frogs
  An efreet (D:13)
  A yaktaur (D:15)
  A tengu conjurer (D:15)
  6 trolls
  4 komodo dragons
  A hornet (D:12)
  A tyrant leech (Lair:5)
  2 meliai zombies
  4 blink frogs
  A hippogriff (Lair:2)
  An air elemental (Elf:3)
  A wyvern (Lair:6)
  A water elemental (Elf:1)
  15 yaks
  A basilisk (D:15)
  4 fire elementals
  A chaos spawn (D:12)
  3 vampire mosquitoes
  2 wargs (Orc:2)
  An acid dragon (D:11)
  A swamp worm (Lair:3)
  7 water moccasins
  3 hell hounds (D:13)
  6 porcupines
  18 orc warriors
  4 ice beasts
  A sky beast (D:7)
  A tengu (shapeshifter) (D:14)
  3 wolves
  8 ogres
  A black bear (D:8)
  A phantom (D:8)
  7 centaurs
  7 crocodiles
  A big kobold (D:9)
  11 bullfrogs
  An earth elemental (Elf:3)
  A wyvern zombie (D:14)
  2 wyvern skeletons (D:11)
  A scorpion (D:12)
  4 killer bees
  2 electric eels
  A howler monkey (D:14)
  4 crimson imps
  15 hounds
  A bullfrog skeleton (D:8)
  8 orc priests
  2 iguanas
  3 gnoll shamans (D:5)
  10 worker ants
  9 orc wizards
  A hound zombie (D:5)
  2 hound skeletons
  25 gnolls
  11 adders
  2 shadow imps
  2 oozes
  An adder skeleton (D:4)
  2 adder zombies
  2 worms
  A dart slug (D:2)
  6 leopard geckos
  55 orcs
  12 bats
  9 giant cockroaches
  9 goblins
  24 hobgoblins
  16 jackals
  25 kobolds
  5 quokkas
  3 ball pythons
  6 frilled lizards
  8 rats
  A butterfly (Lair:5)
515 creatures vanquished.

Vanquished Creatures (collateral kills)
  A fire giant (D:15)
  An orc warlord (Orc:2)
  A stone giant (Orc:2)
  A deep elf annihilator (Elf:1)
  Snorg (Orc:1)
  A yaktaur captain (D:15)
  4 hydras
  3 two-headed ogres
  7 dancing weapons
  An orc high priest (Orc:2)
  Urug (Lair:5)
  7 deep elf knights
  A skeletal warrior (D:14)
  A sea snake (shapeshifter) (Elf:2)
  An unseen horror (D:15)
  6 deep elf archers
  2 orc knights (Orc:2)
  37 deep elf magi
  2 oklob plants (Lair:1)
  3 cyclopes
  2 orc sorcerers (Orc:2)
  9 ugly things
  6 elephants (Lair:3)
  2 black mambas
  17 spiny frogs
  A rime drake (Lair:2)
  A redback zombie (D:14)
  A komodo dragon (Lair:3)
  4 trolls
  3 tyrant leeches (Lair:6)
  3 slime creatures (Lair:5)
  12 blink frogs
  A bog body (Lair:3)
  5 hippogriffs
  3 wraiths
  A water elemental (D:15)
  An air elemental (Elf:1)
  A vampire (D:14)
  5 fire elementals
  A hungry ghost (D:10)
  4 yaks
  A chaos spawn (D:12)
  6 vampire mosquitoes
  4 wargs
  A swamp worm (Lair:3)
  14 water moccasins
  6 porcupines
  19 orc warriors
  An eye of draining (D:13)
  A necrophage (D:11)
  3 ogres
  5 wolves
  4 centaurs
  3 crocodiles
  10 bullfrogs
  3 earth elementals (Elf:1)
  A gnoll sergeant (D:5)
  A scorpion (D:12)
  A water moccasin skeleton (D:8)
  4 killer bees
  An electric eel (Lair:3)
  A howler monkey (D:14)
  A crimson imp (D:14)
  3 jellies
  A bullfrog skeleton (D:3)
  2 hounds
  11 orc priests
  3 centaur skeletons
  15 orc wizards
  3 iguanas
  A worker ant (D:14)
  17 gnolls
  3 adders
  A shadow imp (D:5)
  An adder zombie (D:3)
  A worm (D:6)
  A dart slug (D:3)
  61 orcs
  A giant cockroach (D:6)
  3 goblins (D:3)
  9 hobgoblins
  5 jackals
  3 quokkas
  A bat (D:2)
  A frilled lizard (D:3)
  A giant cockroach zombie (D:6)
  A kobold (D:3)
  A rat (D:3)
  A butterfly (Lair:5)
  3 fungi (Lair:6)
  2 plants (Lair:6)
412 creatures vanquished.

Vanquished Creatures (others)
  A deep elf mage (Elf:3)
  2 orcs (Orc:2)
  11 fungi (Lair:6)
  37 plants
51 creatures vanquished.

Grand Total: 978 creatures vanquished

Notes
Turn   | Place    | Note
-------+----------+-------------------------------------------
     0 | D:1      | Duffy the Naga Summoner began the quest for the Orb.
     0 | D:1      | Reached XP level 1. HP: 15/15 MP: 3/3
   379 | D:1      | Reached XP level 2. HP: 15/22 MP: 5/5
   385 | D:1      | Learned a level 2 spell: Call Imp
   944 | D:1      | Reached XP level 3. HP: 21/28 MP: 6/6
   951 | D:1      | Learned a level 3 spell: Call Canine Familiar
  1622 | D:2      | Reached skill level 1 in Polearms
  1776 | D:2      | Reached XP level 4. HP: 15/36 MP: 5/8
  2177 | D:2      | Found an opulent altar of Gozag.
  2372 | D:2      | Found a basalt altar of Yredelemnul.
  2593 | D:2      | Found a glowing golden altar of the Shining One.
  3059 | D:3      | Reached XP level 5. HP: 42/42 MP: 5/9
  3067 | D:3      | Learned a level 4 spell: Summon Lightning Spire
  3118 | D:3      | Reached skill level 1 in Evocations
  3151 | D:3      | Reached skill level 5 in Summonings
  3471 | D:3      | Reached XP level 6. HP: 37/49 MP: 4/11
  3583 | D:3      | Found a glowing silver altar of Zin.
  3749 | D:2      | Became a worshipper of the Shining One
  4562 | D:4      | Reached skill level 1 in Air Magic
  4823 | D:4      | Found a staircase to the Ecumenical Temple.
  5023 | D:4      | Found a stormy altar of Qazlal.
  5035 | D:4      | Found a blossoming altar of Fedhas.
  5077 | D:4      | Reached XP level 7. HP: 35/55 MP: 13/13
  5404 | D:4      | Reached skill level 1 in Fighting
  5417 | D:4      | Reached skill level 6 in Summonings
  5617 | D:4      | Found a shimmering altar of Xom.
  5801 | D:5      | Entered Level 5 of the Dungeon
  5813 | D:5      | Reached * piety under the Shining One
  5871 | D:5      | Reached skill level 1 in Shields
  5992 | D:5      | Found a white marble altar of Elyvilon.
  6114 | D:4      | Reached XP level 8. HP: 53/68 MP: 14/14
  6424 | D:6      | Learned a level 4 spell: Summon Ice Beast
  6596 | D:6      | Found a hide-covered altar of Uskayaw.
  6608 | D:6      | Noticed a +0 hand axe
  6609 | D:6      | Noticed a +0 dagger
  6736 | D:6      | Found a radiant altar of Vehumet.
  7423 | D:7      | Found a sparkling altar of Nemelex Xobeh.
  7429 | D:7      | Found Celiw's Weapon Shop.
  7633 | D:7      | Found a shadowy altar of Dithmenos.
  7998 | D:8      | Reached skill level 5 in Spellcasting
  8057 | D:8      | Reached skill level 5 in Fighting
  8086 | D:8      | Reached XP level 9. HP: 45/81 MP: 3/16
  8550 | D:8      | Reached skill level 7 in Summonings
  8844 | D:8      | Reached ** piety under the Shining One
  9452 | D:8      | Found a deep blue altar of Sif Muna.
  9553 | D:8      | Reached skill level 5 in Air Magic
  9918 | D:5      | Reached skill level 1 in Ice Magic
 10522 | D:5      | Found a snail-covered altar of Cheibriados.
 10715 | D:9      | Found a burning altar of Makhleb.
 10971 | D:9      | Reached skill level 8 in Summonings
 11028 | D:9      | Found a shadowy altar of Dithmenos.
 11087 | D:9      | Found an iron altar of Okawaru.
 11122 | D:9      | Found a staircase to the Lair.
 11576 | D:9      | Found Xintebla's Food Shop.
 12025 | D:10     | Entered Level 10 of the Dungeon
 12095 | D:10     | Noticed an unseen horror
 12105 | D:10     | Killed an unseen horror
 12105 | D:10     | Reached XP level 10. HP: 72/88 MP: 11/17
 12444 | D:10     | Reached skill level 5 in Ice Magic
 13002 | Lair:1   | Entered Level 1 of the Lair of Beasts
 13221 | Lair:1   | Noticed an oklob plant
 13224 | Lair:1   | Noticed an oklob plant
 13264 | Lair:1   | Reached skill level 5 in Shields
 13475 | Lair:1   | Killed an oklob plant
 13483 | Lair:1   | Killed an oklob plant
 13527 | Lair:1   | Noticed a spiny frog
 13536 | Lair:1   | Killed a spiny frog
 13783 | D:9      | Learned a level 3 spell: Mephitic Cloud
 13786 | D:9      | Learned a level 2 spell: Blink
 14309 | Lair:1   | Noticed a spiny frog
 14325 | Lair:1   | Killed a spiny frog
 14827 | Lair:2   | Reached skill level 9 in Summonings
 14847 | Lair:2   | Noticed a spiny frog
 14862 | Lair:2   | Killed a spiny frog
 15051 | Lair:2   | Reached XP level 11. HP: 75/94 MP: 20/20
 15506 | Lair:2   | Found a staircase to the Snake Pit.
 15509 | Lair:2   | Reached *** piety under the Shining One
 15724 | Lair:2   | Learned a level 3 spell: Conjure Flame
 16296 | Lair:2   | Noticed Fannar
 16307 | Lair:2   | Killed Fannar
 16450 | Lair:2   | Noticed Sonja
 16452 | Lair:2   | Killed Sonja
 16620 | Lair:2   | Reached skill level 10 in Summonings
 17077 | Lair:3   | Reached skill level 1 in Poison Magic
 17180 | Lair:3   | Got a slimy ivory ring
 17182 | Lair:3   | Identified the ring of Ylox {MR+ Str+3 Dex+2} (You found it
                  | on level 3 of the Lair of Beasts)
 17189 | Lair:3   | Got a pitted long sword
 17190 | Lair:3   | Identified the +3 long sword of Makhleb's Hatred {freeze,
                  | +Rage +Fly Dex-4} (You found it on level 3 of the Lair of
                  | Beasts)
 17219 | Lair:3   | Reached skill level 1 in Conjurations
 17219 | Lair:3   | Reached skill level 1 in Fire Magic
 17799 | Lair:3   | Reached XP level 12. HP: 84/103 MP: 22/24
 18221 | Lair:3   | Noticed a five-headed hydra
 18226 | Lair:3   | Killed a five-headed hydra
 18759 | Lair:3   | Found a staircase to the Swamp.
 19485 | Lair:4   | Got a steaming war axe
 19486 | Lair:4   | Identified the +4 war axe "Ighusez" {freeze, Str+2 Int+7}
                  | (You found it on level 4 of the Lair of Beasts)
 19712 | Lair:4   | Learned a level 2 spell: Passwall
 20392 | Lair:5   | Found a staircase to the Slime Pits.
 20455 | Lair:5   | Learned a level 4 spell: Sticky Flame
 20701 | Lair:5   | Noticed Urug
 20715 | Lair:5   | Killed Urug
 21461 | Lair:6   | Entered Level 6 of the Lair of Beasts
 21739 | Lair:6   | Reached **** piety under the Shining One
 22093 | Lair:5   | Reached skill level 5 in Fire Magic
 22110 | Lair:5   | Reached skill level 5 in Conjurations
 23639 | D:12     | Reached skill level 1 in Translocations
 23979 | D:12     | Noticed a two-headed ogre
 23991 | D:12     | Killed a two-headed ogre
 24180 | D:12     | Reached skill level 5 in Evocations
 24181 | D:12     | Found a staircase to the Orcish Mines.
 24382 | D:12     | Found a shimmering altar of Xom.
 24390 | D:12     | Found the +7 mace of Variability {chain chaos}
 24784 | Orc:1    | Entered Level 1 of the Orcish Mines
 24979 | Orc:1    | Noticed Snorg
 24987 | Orc:1    | Killed Snorg
 24987 | Orc:1    | Reached skill level 1 in Invocations
 24990 | Orc:1    | Gained mutation: You can use your snake-like lower body to
                  | constrict enemies. [Naga growth]
 24990 | Orc:1    | Reached XP level 13. HP: 108/109 MP: 10/25
 25274 | Orc:1    | Found Sufunwae's Armour Shop.
 25304 | Orc:2    | Entered Level 2 of the Orcish Mines
 25467 | Orc:1    | Noticed a stone giant
 25467 | Orc:1    | Reached ***** piety under the Shining One
 25577 | Orc:2    | Killed a stone giant
 25986 | Orc:2    | Noticed an orc warlord
 26003 | Orc:2    | Killed an orc warlord
 26003 | Orc:2    | Reached skill level 5 in Invocations
 26769 | Orc:2    | Found a staircase to the Elven Halls.
 27095 | Orc:2    | Noticed an orc warlord
 27129 | Orc:2    | Killed an orc warlord
 27267 | Orc:2    | Found a roughly hewn altar of Beogh.
 27280 | Orc:2    | Found Qeuxo's Book Shoppe.
 27567 | Orc:2    | Found Oboatisch's Antique Armour Shoppe.
 27583 | Orc:2    | Found Lulet's General Store.
 27590 | Orc:2    | Bought a potion of degeneration for 16 gold pieces
 27625 | Orc:2    | Found Qazej's Antique Weapon Shoppe.
 27880 | Orc:2    | Bought a runed trident for 169 gold pieces
 27985 | Orc:2    | Bought a brightly glowing scale mail for 225 gold pieces
 27985 | Orc:2    | Bought an embroidered cloak for 187 gold pieces
 27995 | Orc:2    | Identified the cursed +1 scale mail of Puiwuo {rF+ Str+2
                  | Int+2 Stlth+} (You bought it in a shop on level 2 of the
                  | Orcish Mines)
 28066 | Orc:2    | Bought a potion of mutation for 128 gold pieces
 28076 | Orc:2    | Bought a scroll of identify for 32 gold pieces
 29097 | Lair:6   | Reached skill level 5 in Dodging
 29435 | Lair:6   | Found a transporter.
 29444 | Lair:6   | Noticed Nico3ck's ghost (journeyman FoFi)
 29457 | Lair:6   | Found a transporter.
 29491 | Lair:6   | Reached skill level 1 in Armour
 30479 | D:13     | Noticed an ice dragon
 30504 | D:13     | Killed an ice dragon
 30514 | D:13     | Found a gate to the Vaults.
 30626 | D:13     | Reached XP level 14. HP: 125/127 MP: 10/26
 30874 | D:13     | Noticed Azrael
 30902 | D:13     | Killed Azrael
 31251 | D:13     | Reached ****** piety under the Shining One
 31308 | D:14     | Found a snail-covered altar of Cheibriados.
 31349 | D:14     | Found a flagged portal.
 31384 | Bailey   | Entered a bailey
 31598 | Bailey   | Reached skill level 10 in Fighting
 32159 | Orc:2    | Bought a book of Summonings for 700 gold pieces
 32165 | Orc:2    | Learned a level 5 spell: Summon Mana Viper
 32438 | D:14     | Found a snail-covered altar of Cheibriados.
 32495 | D:14     | Reached skill level 1 in Hexes
 32766 | D:15     | Entered Level 15 of the Dungeon
 32918 | D:15     | Got a brightly glowing leather armour
 32945 | D:14     | Identified the cursed +0 leather armour "Axobi" {-Tele
                  | rElec rCorr Int+8} (You found it on level 15 of the
                  | Dungeon)
 33271 | D:15     | Found a staircase to the Depths.
 33577 | D:15     | Reached skill level 10 in Spellcasting
 33577 | D:15     | Reached skill level 5 in Hexes
 34036 | Depths:1 | Entered Level 1 of the Depths
 34036 | Depths:1 | Noticed a fire giant
 34039 | D:15     | Identified a scroll of acquirement
 34040 | D:15     | Got a transparent naga barding
 34046 | D:15     | Identified the +0 naga barding of the Evening Star {rF+
                  | Slay+3} (You acquired it on level 15 of the Dungeon)
 34060 | D:15     | Killed a fire giant
 34295 | Elf:1    | Entered Level 1 of the Elven Halls
 34456 | Elf:1    | Found a radiant altar of Vehumet.
 34471 | Elf:1    | Reached XP level 15. HP: 133/138 MP: 26/29
 34665 | Elf:1    | Noticed a deep elf sorcerer
 34676 | Elf:1    | Killed a deep elf sorcerer
 34891 | Elf:1    | Reached skill level 11 in Summonings
 35142 | Elf:1    | Noticed a deep elf elementalist
 35160 | Elf:1    | Killed a deep elf elementalist
 35391 | Elf:1    | Found a portal to a secret trove of treasure.
 35512 | Elf:1    | Noticed Louise
 35603 | Elf:1    | Killed Louise
 35740 | Elf:1    | Reached skill level 12 in Summonings
 35852 | Elf:1    | Identified the Grimoire of Confrontation
 36806 | Elf:1    | Found a portal to a secret trove of treasure.
 36924 | Elf:1    | Found a radiant altar of Vehumet.
 38232 | Elf:1    | Learned a level 2 spell: Swiftness
 38409 | Elf:2    | Found a runed translucent gate.
 38409 | Elf:2    | Found a runed translucent gate.
 38409 | Elf:2    | Found a runed translucent gate.
 38480 | Elf:2    | Noticed a Tzitzimitl
 38485 | Elf:2    | Noticed a balrug
 38708 | Elf:3    | Entered Level 3 of the Elven Halls
 38708 | Elf:3    | Found Joeskob's Jewellery Shop.
 38720 | Elf:3    | Found Vurobbuj's Antique Weapon Boutique.
 38732 | Elf:3    | Bought a runed trident for 214 gold pieces
 38759 | Elf:3    | Found Plog's Book Shop.
 38776 | Elf:3    | Reached skill level 5 in Polearms
 38965 | Elf:3    | Found Kumer's Assorted Antiques.
 38994 | Elf:3    | Reached XP level 16. HP: 142/146 MP: 14/30
 39011 | Elf:3    | Reached skill level 5 in Armour
 39170 | Elf:3    | Found Helonirr's Jewellery Shoppe.
 39277 | Elf:3    | Bought a scroll of identify for 48 gold pieces
 39277 | Elf:3    | Bought a pair of twisted gloves for 228 gold pieces
 39277 | Elf:3    | Identified the +2 pair of gloves of the Amoeba {rN+} (You
                  | bought it in a shop on level 3 of the Elven Halls)
 39705 | Elf:3    | Found a deep blue altar of Sif Muna.
 40277 | Elf:3    | Noticed a deep elf blademaster
 40277 | Elf:3    | Noticed a deep elf master archer
 40285 | Elf:3    | Killed a deep elf blademaster
 40288 | Elf:3    | Killed from afar by a deep elf annihilator

Levels and vault maps discovered:
D:1:      scummos_arrival_checkerplants, layout_loops_ring,
          chequers_decorated_corner
D:2:      layout_loops_cross, nicolae_overflow_hidden_temple,
          grunt_gozag_breadcrumbs, yredelemnul_altar_generic, first_ration,
          minmay_pentomino_z4
D:3:      minmay_skewed_foursquare, layout_basic, zin_statuary,
          lemuel_another_geyser
D:4:      layout_loops_ring, grunt_temple_overflow_forces_of_nature,
          lemuel_crystal_altar, minmay_temple_entry_crystal_x
D:5:      layout_cave_pools, old_standard_altar, cheibrodos_worm_habitat,
          serial_gnoll_camp, gnoll_camp_mini_doghouse, gnoll_camp_mini_basic,
          gnoll_camp_medium_02, gnoll_camp_mini_house, gnoll_camp_mini_doghouse
D:6:      layout_cave_pools, dancing_weapons_uskayaw, lemuel_round_altar
D:7:      layout_rooms, nicolae_overflow_crystal_walls, lemuel_round_altar,
          serial_shops, shop, minivault_27
D:8:      cheibrodos_iron_armory, layout_basic, lemuel_coloured_pillars_altar
D:9:      layout_grid_maze, okawaru_trees_2, overflow_temple_1_default,
          lair_entry_dummy, serial_shops, nicolae_shop_stone,
          nicolae_dithmenos_shadow_blocks
D:10:     layout_roguey
D:11:     layout_long_grid
D:12:     layout_cave_pools, orc_0_dummy, grunt_ogre_cave,
          minmay_guarded_unrand_variability
D:13:     layout_cave_pools, david_vaults_4, uniq_azrael
D:14:     layout_rooms, enter_bailey_7, lemuel_round_altar, basic_altar
D:15:     grunt_enter_depths_snipers, layout_basic, serial_bayou,
          serial_bayou_lagoon_a, serial_bayou_crossing, serial_bayou_pond_c,
          serial_bayou_pond_d, minivault_27
Lair:1:   layout_regular_city, lemuel_fruit_fields, serial_bayou_shore_a,
          minmay_lair_oklob_chamber, grunt_megastairs_1
Lair:2:   layout_layer_cave, minmay_snake_entry_six_corridors,
          grunt_megastairs_4, serial_bayou_shore_b, uniq_sonja, uniq_fannar
Lair:3:   layout_concentric_octagons, nicolae_swamp_entry_splash_gauntlet
Lair:4:   layout_layer_cave
Lair:5:   layout_long_grid, minmay_slime_entry_pillars, serial_forest,
          infiniplex_forest_lined_corner, infiniplex_forest_clump_diagonal,
          infiniplex_forest_clump_small, infiniplex_forest_end_3,
          infiniplex_forest_end_2, infiniplex_forest_zigzag_2,
          infiniplex_forest_lined_4_way, lemuel_fruit_fields, lemuel_fruit_tree,
          uniq_urug
Lair:6:   minmay_lair_end_frog_pond, layout_gridlike,
          gammafunk_ghost_berserking_beasts
Orc:1:    layout_caves, serial_shops, nicolae_shop_behind_doors, uniq_snorg
Orc:2:    grunt_orc_cross, layout_diamond_mine
Elf:1:    eino_elf_arrival_altar, layout_loops_corners, enter_trove_1,
          minmay_elf_annihilation, uniq_louise
Elf:2:    layout_onion_city, item_on_display_a
Elf:3:    elf_hall, layout_onion_city, basic_altar, serial_shops, shop, shop,
          nicolae_shop_stone, nicolae_shop_crystal, shop
Depths:1: layout_roguey, serial_co_window_serial, co_window_corner_a,
          co_window_corner_a, co_window_paths_b, co_window_paths_b,
          co_window_corner_a, co_window_corner_a, co_window_broadway_a,
          co_window_broadway_b, co_window_2corner, co_window_corner_ca,
          co_window_unsneaky_path_c, co_window_corner_ca, lemuel_round_altar,
          pf_vacation_house_of_asmodeus
Bailey:   bailey_axe_2, bailey

Skill      XL: |  1  2  3  4  5  6  7  8  9 10 11 12 13 14 15 16 |
---------------+-------------------------------------------------+-----
Polearms       | 1 2 5 7 |  7.9
Spellcasting   | 3 4 5 6 8 10 | 10.0
Evocations     | 1 2 4 5 6 |  6.0
Summonings     | 5 6 8 9 10 12 | 12.0
Air Magic      | 1 2 4 5 |  5.0
Fighting       | 2 5 8 10 | 10.0
Shields        | 1 2 4 5 7 9 |  9.0
Ice Magic      | 4 5 |  5.0
Poison Magic   | 3 4 |  4.0
Conjurations   | 2 5 |  5.0
Fire Magic     | 2 5 |  5.0
Translocations | 2 3 |  3.0
Invocations    | 1 5 |  5.6
Dodging        | 5 6 7 |  7.4
Armour         | 2 4 5 |  5.0
Hexes          | 6 7 |  7.0
Stealth        | |  3.0

Action                   |  1- 3 |  4- 6 |  7- 9 | 10-12 | 13-15 | 16-18 || total
-------------------------+-------+-------+-------+-------+-------+-------++-------
Melee: Spear             |    31 |    78 |    21 |    10 |       |       ||   140
       Dagger            |       |   132 |   451 |   611 |   898 |       ||  2092
       War axe           |       |       |       |     6 |       |       ||     6
       Constrict         |       |       |       |       |   255 |    20 ||   275
       Trident           |       |       |       |       |   100 |   138 ||   238
Throw: Throwing net      |       |       |       |       |       |     1 ||     1
 Cast: Call Imp          |     2 |     3 |       |       |       |       ||     5
       Call Canine Famil |     1 |    12 |    31 |    65 |    89 |     3 ||   201
       Summon Lightning  |       |       |     8 |    13 |    25 |       ||    46
       Summon Ice Beast  |       |       |       |    73 |    87 |       ||   160
       Sticky Flame      |       |       |       |    14 |    19 |       ||    33
       Conjure Flame     |       |       |       |    11 |     5 |       ||    16
       Blink             |       |       |       |       |     4 |       ||     4
       Summon Mana Viper |       |       |       |       |    85 |    17 ||   102
Invok: Divine Shield     |       |       |       |       |     1 |       ||     1
 Abil: Spit Poison       |    63 |    16 |     6 |       |       |       ||    85
Evoke: Wand              |       |       |     3 |     5 |    18 |     3 ||    29
       Lightning rod     |       |       |       |     4 |     5 |       ||     9
       Box of beasts     |       |       |       |       |     1 |       ||     1
  Use: Scroll            |       |     4 |     7 |    11 |    20 |     6 ||    48
       Potion            |       |       |       |       |     1 |       ||     1
 Stab: Distracted        |       |     1 |       |       |       |       ||     1
  Eat: Chunk             |     6 |    11 |    17 |    27 |    35 |     5 ||   101
       Ration            |       |       |     2 |     5 |     7 |     1 ||    15
Armor: Robe              |    42 |     4 |       |       |       |       ||    46
       Ring mail         |       |   100 |    32 |       |       |       ||   132
       Leather armour    |       |       |   179 |   245 |       |       ||   424
       Troll leather arm |       |       |       |       |   392 |    60 ||   452
Dodge: Dodged            |    78 |    98 |   208 |   213 |   375 |    44 ||  1016
Block: Buckler           |       |       |    97 |    15 |       |       ||   112
       Shield            |       |       |       |   416 |   772 |    89 ||  1277

Table legend:
 A = Non-vault XP
 B = Vault XP
 C = Vault XP percentage of total XP
 D = Non-vault monster count
 E = Vault monster count
 F = Vault count percentage of total count
                 A         B        C        D         E       F
            +---------+---------+-------+---------+---------+-------
      Total |  102238 |   45066 |  30.6 |     682 |     240 |  26.0
            +---------+---------+-------+---------+---------+-------
        D:1 |      55 |       0 |   0.0 |      33 |       0 |   0.0
        D:2 |     111 |       8 |   6.7 |      35 |       4 |  10.3
        D:3 |     268 |      16 |   5.6 |      39 |       7 |  15.2
        D:4 |     666 |       0 |   0.0 |      23 |       0 |   0.0
        D:5 |     132 |     646 |  83.0 |       6 |      39 |  86.7
        D:6 |     378 |       0 |   0.0 |      38 |       0 |   0.0
        D:7 |     359 |       0 |   0.0 |      14 |       0 |   0.0
        D:8 |    1104 |       0 |   0.0 |      34 |       0 |   0.0
        D:9 |     556 |       0 |   0.0 |      18 |       0 |   0.0
       D:10 |    1975 |       0 |   0.0 |      21 |       0 |   0.0
       D:11 |    2185 |       0 |   0.0 |      34 |       0 |   0.0
       D:12 |    1565 |    1143 |  42.2 |      17 |       3 |  15.0
       D:13 |    3473 |    3074 |  47.0 |      29 |       9 |  23.7
       D:14 |    7637 |      44 |   0.6 |      35 |       4 |  10.3
       D:15 |   12796 |    2034 |  13.7 |      32 |       3 |   8.6
     Lair:1 |    1205 |     713 |  37.2 |       9 |       4 |  30.8
     Lair:2 |    2993 |    2831 |  48.6 |      20 |      19 |  48.7
     Lair:3 |    6151 |     457 |   6.9 |      27 |       4 |  12.9
     Lair:4 |     720 |       0 |   0.0 |       5 |       0 |   0.0
     Lair:5 |    2622 |    2267 |  46.4 |      14 |      12 |  46.2
     Lair:6 |    1774 |    6507 |  78.6 |      11 |      39 |  78.0
      Orc:1 |    1381 |     630 |  31.3 |      28 |       1 |   3.4
      Orc:2 |    5471 |    6186 |  53.1 |      60 |      35 |  36.8
      Elf:1 |   19405 |    8823 |  31.3 |      41 |      17 |  29.3
      Elf:2 |   10975 |     913 |   7.7 |      24 |       1 |   4.0
      Elf:3 |   15809 |    8515 |  35.0 |      34 |       5 |  12.8
   Depths:1 |     472 |       0 |   0.0 |       1 |       0 |   0.0
     Bailey |       0 |     259 | 100.0 |       0 |      34 | 100.0
            +---------+---------+-------+---------+---------+-------
